[Event "FIDE World Senior-50 CC 2023"]
[Site "Terrasini"]
[Date "2023.11.01"]
[Round "7.12"]
[White "Kalisky, Vladimir"]
[Black "Cabe, Arlan"]
[Result "0-1"]
[ECO "B07"]
[WhiteElo "2169"]
[BlackElo "2303"]
[Annotator "ChessBase"]
[PlyCount "112"]
[EventDate "2023.10.22"]
[EventType "swiss"]
[EventCountry "ITA"]
[SourceTitle "playchess.com"]
[Source "ChessBase"]
[SourceQuality "1"]
[TimeControl "40/5400+30:1800+30"]

1. e4 g6 2. d4 Bg7 3. Nf3 d6 4. Bd3 c5 5. c3 Nf6 6. O-O O-O 7. Re1 cxd4 8. cxd4 Nc6 9. Nc3 Bg4 10. Be3 Nd7 11. Be2 Nb6 12. b3 e5 13. dxe5 dxe5 14. Bc5 Re8 15. Nb5 Bxf3 16. Bxf3 Nd4 17. Be2 Re6 18. a4 a6 19. Nc3 Rc8 20. Bxb6 Rxb6 21. Bc4 Rbc6 22. Qg4 Kh8 23. Red1 Qf8 24. Nd5 f5 25. Qh4 Rd6 26. a5 fxe4 27. Qxe4 Rcd8 28. Rd3 Qf5 29. f3 Qd7 30. Nb6 Qc7 31. Rad1 Qc5 32. Kf1 Qxa5 33. Na4 b5 34. Nc5 bxc4 35. Nb7 Qc7 36. bxc4 Qxc4 37. Nxd6 Rxd6 38. Qa8+ Qg8 39. Qb7 h5 40. Rc1 Qa2 41. Qe4 Qf7 42. h3 Kh7 43. Rc5 Nf5 44. Kg1 Qa7 45. Rdc3 Rd1+ 46. Kh2 Rh1+ 47. Kxh1 Ng3+ 48. Kh2 Nxe4 49. fxe4 h4 50. g3 Kh6 51. gxh4 Bf8 52. Rc8 Qf2+ 53. Kh1 a5 54. R3c4 Kh5 55. R4c7 Qf1+ 56. Kh2 Qf4+ 0-1

[Event "FIDE World Senior-50 CC 2023"]
[Site "Terrasini"]
[Date "2023.11.01"]
[Round "7.13"]
[White "Vlassov, Nikolai"]
[Black "Mussanti, Diego"]
[Result "1-0"]
[ECO "B43"]
[WhiteElo "2283"]
[BlackElo "2183"]
[Annotator "ChessBase"]
[PlyCount "145"]
[EventDate "2023.10.22"]
[EventType "swiss"]
[EventCountry "ITA"]
[SourceTitle "playchess.com"]
[Source "ChessBase"]
[SourceQuality "1"]
[TimeControl "40/5400+30:1800+30"]

1. e4 c5 2. Nf3 e6 3. d4 cxd4 4. Nxd4 a6 5. Nc3 b5 6. Be3 Bb7 7. f3 Nc6 8. Nb3 d6 9. Qe2 Nf6 10. g4 Be7 11. g5 Nd7 12. h4 Na5 13. O-O-O Nc4 14. Bd4 O-O 15. Bh3 e5 16. Bf2 Ndb6 17. Nc5 Bc8 18. Nd3 Bxh3 19. Rxh3 a5 20. b3 b4 21. Nb1 Na3 22. Nxe5 Qc8 23. Ng4 a4 24. Nxa3 axb3 25. axb3 Rxa3 26. Rd3 Nd7 27. f4 Ra1+ 28. Kd2 Ra2 29. Qd1 Qa8 30. Rd5 Rc8 31. Bd4 Qc6 32. Ne3 Nb6 33. Bxb6 Qxb6 34. Rf3 Qa7 35. Qe2 Ra1 36. Rf1 g6 37. f5 Qa2 38. Rxa1 Qxa1 39. Qd1 Qc3+ 40. Ke2 Bf8 41. Qd4 Qc6 42. Qxb4 Qa6+ 43. Kf3 Qa1 44. Kg2 Rc3 45. Rd1 Rxc2+ 46. Kf3 Rc1 47. Qd2 Rxd1 48. Qxd1 Qc3 49. Ke2 Qe5 50. Kd3 Qg3 51. f6 Qxh4 52. Qg1 h6 53. b4 hxg5 54. b5 Qh3 55. Qg4 Qh1 56. Qd1 Qh3 57. Qb3 g4 58. b6 Bh6 59. Kd4 Bxe3+ 60. Qxe3 Qf1 61. Kd5 Qxf6 62. b7 Qe6+ 63. Kc6 d5+ 64. Kb5 Qe8+ 65. Kb6 Qd8+ 66. Ka6 Qf6+ 67. Qb6 Qa1+ 68. Qa5 Qf6+ 69. Ka7 Qe7 70. Ka8 Qxe4 71. b8=Q+ Kg7 72. Qbd8 g3 73. Qaxd5 1-0

[Event "FIDE World Senior-50 CC 2023"]
[Site "Terrasini"]
[Date "2023.11.01"]
[Round "7.14"]
[White "Melikhov, Evgeny V."]
[Black "Mrva, Martin"]
[Result "0-1"]
[ECO "E81"]
[WhiteElo "2189"]
[BlackElo "2366"]
[Annotator "ChessBase"]
[PlyCount "52"]
[EventDate "2023.10.22"]
[EventType "swiss"]
[EventCountry "ITA"]
[SourceTitle "playchess.com"]
[Source "ChessBase"]
[SourceQuality "1"]
[TimeControl "40/5400+30:1800+30"]

1. d4 Nf6 2. c4 g6 3. Nc3 Bg7 4. e4 d6 5. f3 O-O 6. Be3 c5 7. Nge2 Qa5 8. d5 b5 9. cxb5 a6 10. Ng3 h5 11. Qa4 Qxa4 12. Nxa4 h4 13. Nb6 Ra7 14. Ne2 axb5 15. a4 Nfd7 16. Nxc8 Rxc8 17. a5 Bxb2 18. Rb1 Ne5 19. Kd1 Nc4 20. Bf2 Nd7 21. Nf4 Rxa5 22. Bxh4 Ne3+ 23. Kd2 Bd4 24. Ne2 Ra2+ 25. Ke1 Ne5 26. Nxd4 cxd4 0-1

[Event "FIDE World Senior-50 CC 2023"]
[Site "Terrasini"]
[Date "2023.11.01"]
[Round "7.15"]
[White "Cummings, David H."]
[Black "Luciani, Valerio"]
[Result "1-0"]
[ECO "A21"]
[WhiteElo "2325"]
[BlackElo "2090"]
[Annotator "ChessBase"]
[PlyCount "119"]
[EventDate "2023.10.22"]
[EventType "swiss"]
[EventCountry "ITA"]
[SourceTitle "playchess.com"]
[Source "ChessBase"]
[SourceQuality "1"]
[TimeControl "40/5400+30:1800+30"]

1. c4 e5 2. Nc3 Bb4 3. Nd5 Na6 4. a3 Be7 5. b4 c6 6. Nxe7 Qxe7 7. Bb2 d6 8. Nf3 Nc7 9. g3 f6 10. Bg2 Be6 11. Qc2 Nh6 12. d4 O-O 13. e4 exd4 14. Nxd4 Bf7 15. O-O Bg6 16. Rfe1 Qd7 17. Rad1 Ne6 18. f4 Nxd4 19. Rxd4 Qe7 20. Red1 Rad8 21. h3 f5 22. e5 dxe5 23. Rxd8 Rxd8 24. Rxd8+ Qxd8 25. Bxe5 Nf7 26. Bb2 Nd6 27. Qd3 Qe7 28. Qd4 a6 29. c5 Ne8 30. Qe5 Qxe5 31. Bxe5 Bf7 32. Kf2 Bb3 33. g4 Kf7 34. g5 g6 35. Ke3 Ng7 36. Bxg7 Kxg7 37. Kd4 Kf7 38. Ke5 Ke7 39. Bf1 Ba2 40. Bd3 Bb3 41. Kd4 Bd1 42. Bc4 Bf3 43. Ke5 Bg2 44. h4 Bf3 45. Be6 Be2 46. a4 Bd1 47. Bc8 Bxa4 48. Bxb7 Bb5 49. Bc8 Be2 50. Be6 Bd3 51. Bb3 Be2 52. Bc2 Bc4 53. Bd1 Bf1 54. Bf3 Bb5 55. h5 Ba4 56. Be2 Bb5 57. Bxb5 axb5 58. h6 Kd7 59. Kf6 Kd8 60. Ke6 1-0

[Event "FIDE World Senior-50 CC 2023"]
[Site "Terrasini"]
[Date "2023.11.01"]
[Round "7.16"]
[White "Golovchuk, Oleg"]
[Black "Jhunjhnuwala, Krishan"]
[Result "1/2-1/2"]
[ECO "B21"]
[WhiteElo "2067"]
[BlackElo "2268"]
[Annotator "ChessBase"]
[PlyCount "46"]
[EventDate "2023.10.22"]
[EventType "swiss"]
[EventCountry "ITA"]
[SourceTitle "playchess.com"]
[Source "ChessBase"]
[SourceQuality "1"]
[TimeControl "40/5400+30:1800+30"]

1. e4 c5 2. f4 d5 3. exd5 Nf6 4. c4 e6 5. dxe6 Bxe6 6. Be2 Nc6 7. Nf3 Bd6 8. d3 Qc7 9. g3 O-O 10. O-O Rad8 11. Nc3 a6 12. Qd2 Rfe8 13. b3 Bf8 14. Bb2 Bf5 15. Rad1 b5 16. Rfe1 Nd4 17. Nxd4 cxd4 18. Nd5 Nxd5 19. cxd5 Rxd5 20. Bf3 Rxe1+ 21. Rxe1 Rd8 22. Be4 Bc8 23. Qc1 Qd7 1/2-1/2

[Event "FIDE World Senior-50 CC 2023"]
[Site "Terrasini"]
[Date "2023.11.01"]
[Round "7.17"]
[White "Mantovani, Renzo"]
[Black "Morin, Yves"]
[Result "1-0"]
[ECO "A41"]
[WhiteElo "2236"]
[BlackElo "2169"]
[Annotator "ChessBase"]
[PlyCount "71"]
[EventDate "2023.10.22"]
[EventType "swiss"]
[EventCountry "ITA"]
[SourceTitle "playchess.com"]
[Source "ChessBase"]
[SourceQuality "1"]
[TimeControl "40/5400+30:1800+30"]

1. Nf3 d6 2. d4 Bg4 3. e4 Nd7 4. h3 Bh5 5. Be3 e6 6. c4 c6 7. Nc3 Ngf6 8. Bd3 e5 9. g4 Bg6 10. Qb3 Qc7 11. O-O-O Be7 12. Kb1 exd4 13. Nxd4 Nc5 14. Qc2 Nxd3 15. Qxd3 a6 16. f4 h6 17. f5 Bh7 18. Bf4 Nd7 19. Qg3 Ne5 20. c5 g5 21. fxg6 Bxg6 22. Rhe1 O-O-O 23. cxd6 Bxd6 24. Nf5 Bxf5 25. exf5 f6 26. Ne4 Be7 27. Rxd8+ Qxd8 28. Nxf6 Bxf6 29. Bxe5 Bh4 30. Qb3 Re8 31. Rd1 Qe7 32. Bf4 Qe4+ 33. Qd3 Bg5 34. Qxe4 Rxe4 35. Bxg5 hxg5 36. Rd6 1-0

[Event "FIDE World Senior-50 CC 2023"]
[Site "Terrasini"]
[Date "2023.11.01"]
[Round "7.18"]
[White "Prasad, Devaki V"]
[Black "Nikolaidis, Konstantinos"]
[Result "1/2-1/2"]
[ECO "B81"]
[WhiteElo "2200"]
[BlackElo "2096"]
[Annotator "ChessBase"]
[PlyCount "65"]
[EventDate "2023.10.22"]
[EventType "swiss"]
[EventCountry "ITA"]
[SourceTitle "playchess.com"]
[Source "ChessBase"]
[SourceQuality "1"]
[TimeControl "40/5400+30:1800+30"]

1. e4 c5 2. Nf3 d6 3. d4 cxd4 4. Nxd4 Nf6 5. Nc3 a6 6. h3 e6 7. g4 b5 8. Bg2 Bb7 9. O-O Qc7 10. Re1 Be7 11. Nd5 Nxd5 12. exd5 e5 13. Nf5 O-O 14. a4 g6 15. Nxe7+ Qxe7 16. axb5 axb5 17. Rxa8 Bxa8 18. Qd3 Qb7 19. Bd2 Na6 20. b4 Rc8 21. c3 Nb8 22. Ra1 Nd7 23. Ra5 Rb8 24. g5 f5 25. gxf6 Nxf6 26. Bg5 Nh5 27. Qe3 Qc7 28. Qa7 Qxa7 29. Rxa7 Ng7 30. f4 exf4 31. Bxf4 Nf5 32. Be4 Re8 33. Bxf5 1/2-1/2

[Event "FIDE World Senior-50 CC 2023"]
[Site "Terrasini"]
[Date "2023.11.01"]
[Round "7.19"]
[White "Mohr, Georg"]
[Black "Issakainen, Ari"]
[Result "1-0"]
[ECO "A49"]
[WhiteElo "2430"]
[BlackElo "2152"]
[Annotator "ChessBase"]
[PlyCount "63"]
[EventDate "2023.10.22"]
[EventType "swiss"]
[EventCountry "ITA"]
[SourceTitle "playchess.com"]
[Source "ChessBase"]
[SourceQuality "1"]
[TimeControl "40/5400+30:1800+30"]

1. g3 g6 2. Bg2 Bg7 3. Nf3 Nf6 4. O-O O-O 5. d4 d6 6. b3 Nc6 7. Bb2 Nd7 8. e4 e5 9. dxe5 Ndxe5 10. Nxe5 Bxe5 11. Nc3 Bg7 12. Re1 f5 13. exf5 Bxf5 14. Qc1 Qd7 15. Nd5 Rae8 16. Rxe8 Rxe8 17. Nf6+ Bxf6 18. Bxf6 Be4 19. Bxe4 Rxe4 20. Qd2 Qe6 21. Bc3 d5 22. Qd3 d4 23. Bd2 Qd5 24. f4 Qe6 25. Kf2 Ne7 26. Kf3 Re3+ 27. Bxe3 dxe3 28. g4 Nd5 29. Re1 c6 30. c4 Nf6 31. h3 h5 32. Qxg6+ 1-0

[Event "FIDE World Senior-50 CC 2023"]
[Site "Terrasini"]
[Date "2023.11.02"]
[Round "8.2"]
[White "Adams, Michael"]
[Black "Stefansson, Hannes"]
[Result "1/2-1/2"]
[ECO "C65"]
[WhiteElo "2670"]
[BlackElo "2529"]
[Annotator "TA"]
[PlyCount "195"]
[EventDate "2023.10.22"]
[EventType "swiss"]
[EventCountry "ITA"]
[SourceTitle "playchess.com"]
[Source "ChessBase"]
[SourceQuality "1"]
[TimeControl "40/5400+30:1800+30"]

1. e4 e5 2. Nf3 Nc6 3. Bb5 Nf6 4. d3 Bc5 5. c3 O-O 6. O-O d6 7. h3 a6 8. Ba4 h6 9. Re1 Re8 10. Nbd2 b5 11. Bc2 Bb7 12. Nf1 d5 13. Bd2 b4 (13... a5 $11 {is superior.}) 14. Ng3 $14 a5 15. Rc1 bxc3 16. Bxc3 dxe4 17. dxe4 Qxd1 18. Rexd1 a4 19. a3 Re6 20. Nf5 Bb6 21. Re1 Nd7 22. Ne3 Nd4 23. Bxd4 exd4 24. Nc4 c5 25. e5 Ba5 26. Bxa4 Bxf3 ({But not} 26... Bxe1 27. Bxd7 Re7 28. Nxe1 $14) 27. gxf3 Bxe1 28. Bxd7 Rg6+ 29. Kf1 Ba5 30. f4 Bc7 31. Ke2 Rb8 32. Bf5 Ra6 33. Rc2 g5 34. Nd2 gxf4 ({Black should play} 34... Ra7 $17 35. Kf3 gxf4) 35. Rxc5 $11 f3+ 36. Kd1 Bxe5 37. Rxe5 Rxb2 38. Kc1 ({Of course not} 38. Nxf3 Rxa3 39. Nd2 Raa2 $17) 38... Ra2 39. Rd5 R2xa3 40. Rxd4 R6a4 41. Rxa4 Rxa4 42. Kc2 Kg7 43. Be4 ({Much weaker is} 43. Nxf3 Rf4 44. Bg4 h5 45. Bxh5 Kh6 $11) 43... Kf6 44. Bxf3 Kg5 45. Bd5 f5 46. Nf3+ Kf4 47. Ne1 Ke5 48. Bg2 Ra3 49. Kd2 Ra1 50. Ke2 Rb1 (50... Ra3 $14) 51. Bc6 (51. Nd3+ $1 $16 Kd4 52. Kd2) 51... Rb3 $14 52. Bg2 (52. Kf1 $1 $14) 52... Rb1 $1 $16 {[%emt 0:00:00] [#]} 53. Nd3+ $1 Kd4 {[%emt 0:00:00] [#]} 54. h4 (54. f4 $1 $16) 54... Rb3 $14 55. Ne1 Rb2+ 56. Kf3 Rb1 57. Nc2+ Ke5 58. Kg3 Rb3+ 59. Bf3 Rb8 60. Ne1 Rg8+ 61. Kh3 Rd8 62. Ng2 Rd3 63. Kg3 Ra3 64. Nf4 Ra1 (64... Rc3 $14) 65. Nd3+ Kf6 66. Nf4 ({White should try} 66. Bh5 $16) 66... Ra3 (66... Ke5 $1 $11) 67. Ne2 Rb3 68. Nf4 Ra3 69. Nh3 Rb3 70. Kg2 Rb4 71. Kg3 Rb3 72. Kg2 Rb4 73. h5 Ke5 74. Ng1 Kf4 75. Bd5 Kg4 76. Bf7 Rb7 77. Bg6 Rb3 78. Ne2 f4 79. f3+ Kg5 80. Nd4 Rb4 81. Nf5 Rb6 82. Kf1 Rf6 83. Ng7 Ra6 84. Kg2 Kh4 85. Nf5+ Kg5 86. Kh3 Re6 87. Nd4 Rd6 88. Nb5 Rc6 89. Be8 Re6 90. Bg6 Rc6 91. Nd4 Rd6 92. Ne2 Rc6 93. Kg2 Rd6 94. Kf2 Rd8 95. Ke1 Rd7 96. Nc3 Rd8 97. Ne2 Rd7 98. Nc3 1/2-1/2

[Event "FIDE World Senior-50 CC 2023"]
[Site "Terrasini"]
[Date "2023.11.02"]
[Round "8.3"]
[White "Bischoff, Klaus"]
[Black "Morovic Fernandez, Ivan"]
[Result "1/2-1/2"]
[ECO "A11"]
[WhiteElo "2473"]
[BlackElo "2488"]
[Annotator "ChessBase"]
[PlyCount "47"]
[EventDate "2023.10.22"]
[EventType "swiss"]
[EventCountry "ITA"]
[SourceTitle "playchess.com"]
[Source "ChessBase"]
[SourceQuality "1"]
[TimeControl "40/5400+30:1800+30"]

1. c4 c6 2. Nf3 d5 3. e3 Nf6 4. Nc3 e6 5. b3 Bd6 6. Bb2 O-O 7. Qc2 e5 8. cxd5 cxd5 9. Nb5 Nc6 10. Nxd6 Qxd6 11. d4 e4 12. Ne5 Ng4 13. Nxc6 bxc6 14. h3 Nh6 15. Rc1 Bd7 16. Qc5 Qg6 17. Qe7 Rfd8 18. Ba3 Nf5 19. Qe5 a5 20. Bc5 Re8 21. Qf4 h6 22. h4 h5 23. Be2 f6 24. O-O 1/2-1/2

[Event "FIDE World Senior-50 CC 2023"]
[Site "Terrasini"]
[Date "2023.11.02"]
[Round "8.4"]
[White "Dlugy, Maxim"]
[Black "Holzke, Frank"]
[Result "1-0"]
[ECO "E15"]
[WhiteElo "2520"]
[BlackElo "2473"]
[Annotator "ChessBase"]
[PlyCount "41"]
[EventDate "2023.10.22"]
[EventType "swiss"]
[EventCountry "ITA"]
[SourceTitle "playchess.com"]
[Source "ChessBase"]
[SourceQuality "1"]
[TimeControl "40/5400+30:1800+30"]

1. d4 Nf6 2. c4 e6 3. Nf3 b6 4. g3 Ba6 5. Qa4 Bb7 6. Bg2 c5 7. dxc5 bxc5 8. O-O Be7 9. Nc3 O-O 10. Rd1 d6 11. Bf4 Qb6 12. Rab1 Ne4 13. Qc2 f5 14. Ne1 Qc6 15. b4 cxb4 16. Rxb4 e5 17. Nxe4 fxe4 18. Qb1 exf4 19. Rxb7 f3 20. Rxe7 fxg2 21. Qxe4 1-0

[Event "FIDE World Senior-50 CC 2023"]
[Site "Terrasini"]
[Date "2023.11.02"]
[Round "8.5"]
[White "Minasian, Artashes"]
[Black "Lima, Darcy"]
[Result "1/2-1/2"]
[ECO "A36"]
[WhiteElo "2462"]
[BlackElo "2416"]
[Annotator "ChessBase"]
[PlyCount "97"]
[EventDate "2023.10.22"]
[EventType "swiss"]
[EventCountry "ITA"]
[SourceTitle "playchess.com"]
[Source "ChessBase"]
[SourceQuality "1"]
[TimeControl "40/5400+30:1800+30"]

1. c4 c5 2. g3 g6 3. Bg2 Bg7 4. Nc3 Nc6 5. d3 Nf6 6. a3 O-O 7. Rb1 a6 8. Be3 Ng4 9. Bd2 Rb8 10. b4 cxb4 11. axb4 b5 12. cxb5 axb5 13. Nh3 e6 14. Bxc6 dxc6 15. f3 Nf6 16. Qc1 Re8 17. Nf2 Ra8 18. O-O Nd5 19. Nce4 f5 20. Nc5 Ra2 21. e4 Nb6 22. Bc3 e5 23. Ra1 Rxa1 24. Qxa1 Qe7 25. Re1 fxe4 26. Nfxe4 Nd5 27. Bd2 Qf8 28. Qa8 Ne7 29. Nd6 Rd8 30. Nxc8 Rxc8 31. Qb7 Rb8 32. Qd7 Rd8 33. Qe6+ Qf7 34. Bg5 Re8 35. Qxf7+ Kxf7 36. Ne4 Rd8 37. Bxe7 Kxe7 38. Rc1 Rxd3 39. Rxc6 Bh6 40. Kg2 Be3 41. h4 Kd8 42. Nf6 Rb3 43. Re6 Bd4 44. Nd5 Kd7 45. Ra6 Rb2+ 46. Kh3 Rb3 47. Kg2 Rb2+ 48. Kh3 Rb3 49. Kg2 1/2-1/2

[Event "FIDE World Senior-50 CC 2023"]
[Site "Terrasini"]
[Date "2023.11.02"]
[Round "8.6"]
[White "Cabe, Arlan"]
[Black "Vlassov, Nikolai"]
[Result "1-0"]
[ECO "A22"]
[WhiteElo "2303"]
[BlackElo "2283"]
[Annotator "ChessBase"]
[PlyCount "165"]
[EventDate "2023.10.22"]
[EventType "swiss"]
[EventCountry "ITA"]
[SourceTitle "playchess.com"]
[Source "ChessBase"]
[SourceQuality "1"]
[TimeControl "40/5400+30:1800+30"]

1. c4 e5 2. Nc3 Nf6 3. Nf3 e4 4. Ng5 c6 5. d3 d5 6. cxd5 cxd5 7. dxe4 d4 8. Qb3 Qd7 9. Nd5 Nc6 10. Bd2 Be7 11. g3 O-O 12. Bg2 h6 13. Nh3 Nxe4 14. Bxe4 Qxh3 15. Nf4 Qd7 16. O-O Bg5 17. Rfd1 Re8 18. Bf3 b6 19. Rac1 Bb7 20. Qb5 Rac8 21. Nd3 Bd8 22. Nb4 a6 23. Nxa6 Re5 24. Bxc6 Qxc6 25. Qxc6 Rxc6 26. Rxc6 Bxc6 27. Nb4 Bd7 28. Be3 dxe3 29. Rxd7 Bf6 30. Nd5 exf2+ 31. Kf1 Rf5 32. Nxf6+ Rxf6 33. Rd3 Kf8 34. Rf3 Rc6 35. Kxf2 Ke7 36. Rf5 g6 37. Rd5 Ke6 38. Rb5 Kd7 39. Ke3 Re6+ 40. Kd3 Rf6 41. Rb4 g5 42. h4 Kc6 43. hxg5 hxg5 44. Rc4+ Kd6 45. a4 Rf1 46. Rb4 Kc6 47. Rb5 f5 48. b3 Rg1 49. Rxf5 Rxg3+ 50. e3 Rg1 51. Rf6+ Kc5 52. Rf5+ Kc6 53. b4 g4 54. Rf6+ Kc7 55. Rg6 Ra1 56. Rxg4 Rxa4 57. Kc4 Ra3 58. Rg7+ Kc6 59. Rg6+ Kc7 60. Re6 Kd7 61. Re4 Kc6 62. Re6+ Kd7 63. Re5 Kd6 64. Rd5+ Kc7 65. Rd3 Ra1 66. Kd5 Ra8 67. Rc3+ Kb7 68. e4 Rd8+ 69. Kc4 Rc8+ 70. Kd4 Rd8+ 71. Ke3 Ka6 72. Rd3 Rc8 73. Rd5 Rc4 74. b5+ Ka5 75. e5 Rc1 76. Kf4 Rf1+ 77. Kg5 Kb4 78. e6 Kc4 79. Re5 Kd4 80. Re2 Kd3 81. e7 Kxe2 82. e8=Q+ Kd3 83. Qc6 1-0

[Event "FIDE World Senior-50 CC 2023"]
[Site "Terrasini"]
[Date "2023.11.02"]
[Round "8.7"]
[White "Godena, Michele"]
[Black "Degraeve, Jean-Marc"]
[Result "1/2-1/2"]
[ECO "B22"]
[WhiteElo "2441"]
[BlackElo "2479"]
[Annotator "ChessBase"]
[PlyCount "49"]
[EventDate "2023.10.22"]
[EventType "swiss"]
[EventCountry "ITA"]
[SourceTitle "playchess.com"]
[Source "ChessBase"]
[SourceQuality "1"]
[TimeControl "40/5400+30:1800+30"]

1. e4 c5 2. c3 Nf6 3. e5 Nd5 4. Nf3 e6 5. Bc4 d6 6. d4 cxd4 7. cxd4 Be7 8. O-O O-O 9. Qe2 Nc6 10. Rd1 Na5 11. Bd3 Nb4 12. exd6 Qxd6 13. Nc3 Nxd3 14. Qxd3 Nc6 15. d5 Nb4 16. Qe4 f5 17. Qe2 Nxd5 18. Nxd5 exd5 19. Bf4 Qxf4 20. Qxe7 Qe4 21. Re1 Qxe7 22. Rxe7 Rf7 23. Re8+ Rf8 24. Re7 Rf7 25. Re8+ 1/2-1/2

[Event "FIDE World Senior-50 CC 2023"]
[Site "Terrasini"]
[Date "2023.11.02"]
[Round "8.8"]
[White "Stets, Vasyl"]
[Black "Sturua, Zurab"]
[Result "0-1"]
[ECO "A47"]
[WhiteElo "2169"]
[BlackElo "2514"]
[Annotator "ChessBase"]
[PlyCount "150"]
[EventDate "2023.10.22"]
[EventType "swiss"]
[EventCountry "ITA"]
[SourceTitle "playchess.com"]
[Source "ChessBase"]
[SourceQuality "1"]
[TimeControl "40/5400+30:1800+30"]

1. d4 c5 2. c3 Nf6 3. Nf3 e6 4. g3 b6 5. Bg2 Bb7 6. O-O Be7 7. Nbd2 O-O 8. Re1 d5 9. Ne5 Na6 10. a3 Nc7 11. b4 cxd4 12. cxd4 Nb5 13. Bb2 Rc8 14. Qb3 Ne4 15. Qd3 Nbd6 16. Rac1 f6 17. Rxc8 Qxc8 18. Rc1 Qe8 19. Nef3 Qd7 20. Bh3 Nf7 21. b5 Rc8 22. Rxc8+ Qxc8 23. a4 f5 24. Bf1 Qc7 25. Ba3 Kf8 26. Bb2 g5 27. e3 Bd6 28. Ne1 Bb4 29. Nxe4 dxe4 30. Qc2 Qe7 31. Qc1 Bd5 32. Nc2 Bd6 33. Na1 h5 34. Bc4 Qc7 35. Bxd5 Qxc1+ 36. Bxc1 exd5 37. Nc2 Ke7 38. Kf1 Ke6 39. Ke2 h4 40. Bd2 h3 41. Kf1 Kd7 42. Ke2 Nd8 43. Bb4 Bc7 44. Bd2 Bb8 45. Kf1 Bd6 46. Bb4 Bc7 47. Bd2 Ne6 48. Nb4 Kd6 49. Bc1 Nd8 50. Ba3 Ke6 51. Na6 Kd7 52. Nb4 Bd6 53. Nc2 Ne6 54. Bxd6 Kxd6 55. Ke2 Nd8 56. Nb4 Nf7 57. Nc6 a5 58. Ke1 f4 59. Ke2 fxg3 60. fxg3 Ke6 61. Kf2 g4 62. Kf1 Kf6 63. Kf2 Ke6 64. Kf1 Kd7 65. Kf2 Kd6 66. Ke2 Ke6 67. Kf2 Ng5 68. Ne5 Nf3 69. Nxg4 Kf5 70. Ne5 Nxh2 71. Nd7 Ng4+ 72. Kg1 Nxe3 73. Nxb6 Ke6 74. Kh2 Ng4+ 75. Kxh3 e3 0-1

[Event "FIDE World Senior-50 CC 2023"]
[Site "Terrasini"]
[Date "2023.11.02"]
[Round "8.9"]
[White "Plotkin, Victor"]
[Black "Matamoros Franco, Carlos S."]
[Result "1/2-1/2"]
[ECO "B11"]
[WhiteElo "2229"]
[BlackElo "2455"]
[Annotator "ChessBase"]
[PlyCount "87"]
[EventDate "2023.10.22"]
[EventType "swiss"]
[EventCountry "ITA"]
[SourceTitle "playchess.com"]
[Source "ChessBase"]
[SourceQuality "1"]
[TimeControl "40/5400+30:1800+30"]

1. e4 c6 2. Nc3 d5 3. Nf3 dxe4 4. Nxe4 Nf6 5. Qe2 Na6 6. d4 Nxe4 7. Qxe4 Qd5 8. Qxd5 cxd5 9. Bf4 f6 10. c4 Nb4 11. Kd2 g5 12. Be3 e6 13. h4 g4 14. Ne1 Kf7 15. a3 Nc6 16. cxd5 Na5 17. Kc3 exd5 18. b4 Nc4 19. Bxc4 dxc4 20. Kxc4 Be6+ 21. Kc3 Bd6 22. Nd3 Bd5 23. Bf4 Be7 24. Rhg1 a5 25. g3 Rhc8+ 26. Kd2 Rc4 27. Be3 axb4 28. axb4 Rxa1 29. Rxa1 Bxb4+ 30. Nxb4 Rxb4 31. Kc3 Rc4+ 32. Kd3 Rb4 33. h5 Rb3+ 34. Kc2 Rb5 35. h6 Rb6 36. Ra5 Ke6 37. Ra8 Ra6 38. Rg8 Be4+ 39. Kc3 Bg6 40. Rg7 Rc6+ 41. Kb4 b6 42. Rb7 Bd3 43. Rg7 Bg6 44. Rb7 1/2-1/2

[Event "FIDE World Senior-50 CC 2023"]
[Site "Terrasini"]
[Date "2023.11.02"]
[Round "8.10"]
[White "Mrva, Martin"]
[Black "Cummings, David H."]
[Result "1/2-1/2"]
[ECO "C54"]
[WhiteElo "2366"]
[BlackElo "2325"]
[Annotator "ChessBase"]
[PlyCount "86"]
[EventDate "2023.10.22"]
[EventType "swiss"]
[EventCountry "ITA"]
[SourceTitle "playchess.com"]
[Source "ChessBase"]
[SourceQuality "1"]
[TimeControl "40/5400+30:1800+30"]

1. e4 e5 2. Nf3 Nc6 3. Bc4 Nf6 4. d3 Bc5 5. O-O d6 6. c3 a6 7. a4 Ba7 8. Re1 O-O 9. h3 h6 10. Nbd2 Re8 11. Nf1 Be6 12. Bxe6 Rxe6 13. Ng3 d5 14. Qe2 Qd7 15. b4 Rd8 16. Qb2 Ne7 17. b5 dxe4 18. dxe4 axb5 19. axb5 Bc5 20. Be3 Bxe3 21. Rxe3 Ng6 22. c4 c6 23. Rb3 Qd6 24. Ra7 b6 25. Kh2 Qc5 26. Qa3 Qxc4 27. Ra4 Qc2 28. Rb2 Qd1 29. Ra8 Kh7 30. Rxd8 Qxd8 31. Rd2 Qf8 32. Qa7 cxb5 33. Qc7 Qe7 34. Qc8 Qc5 35. Qa6 b4 36. Qa2 b5 37. Rc2 Qb6 38. Qb3 Qa5 39. Ra2 Qc7 40. Qxb4 Rb6 41. Rd2 Qc4 42. Qxc4 bxc4 43. Rc2 Rc6 1/2-1/2

[Event "FIDE World Senior-50 CC 2023"]
[Site "Terrasini"]
[Date "2023.11.02"]
[Round "8.11"]
[White "Vinter-Schou, Uffe"]
[Black "Boulard, Eric"]
[Result "1/2-1/2"]
[ECO "B13"]
[WhiteElo "2345"]
[BlackElo "2181"]
[Annotator "ChessBase"]
[PlyCount "80"]
[EventDate "2023.10.22"]
[EventType "swiss"]
[EventCountry "ITA"]
[SourceTitle "playchess.com"]
[Source "ChessBase"]
[SourceQuality "1"]
[TimeControl "40/5400+30:1800+30"]

1. e4 c6 2. d4 d5 3. exd5 cxd5 4. Bd3 Nc6 5. c3 Nf6 6. h3 e5 7. dxe5 Nxe5 8. Bc2 Bc5 9. Ne2 O-O 10. O-O Ne4 11. Bf4 Ng6 12. Nd2 Qf6 13. Bxe4 Nxf4 14. Nxf4 dxe4 15. Nxe4 Qxf4 16. Nxc5 Bxh3 17. Nd3 Qg5 18. Qf3 Bf5 19. Ne5 Be6 20. Rfe1 Rad8 21. c4 Qe7 22. Qe3 a6 23. b3 Rfe8 24. Nf3 Qc7 25. Nd4 h6 26. Qc3 Bd7 27. b4 Qf4 28. Re2 Rxe2 29. Nxe2 Qg5 30. Rd1 Bc6 31. Rxd8+ Qxd8 32. Nd4 Qd7 33. Qe3 Qd6 34. a3 Qg6 35. f3 h5 36. Qe5 Kh7 37. Kh2 Bd7 38. Qc7 Bc6 39. Nxc6 bxc6 40. a4 Qg5 1/2-1/2

[Event "FIDE World Senior-50 CC 2023"]
[Site "Terrasini"]
[Date "2023.11.02"]
[Round "8.12"]
[White "Paschall, William"]
[Black "Mantovani, Renzo"]
[Result "1-0"]
[ECO "D32"]
[WhiteElo "2329"]
[BlackElo "2236"]
[Annotator "ChessBase"]
[PlyCount "59"]
[EventDate "2023.10.22"]
[EventType "swiss"]
[EventCountry "ITA"]
[SourceTitle "playchess.com"]
[Source "ChessBase"]
[SourceQuality "1"]
[TimeControl "40/5400+30:1800+30"]

1. Nf3 Nf6 2. c4 c5 3. Nc3 Nc6 4. e3 e6 5. d4 d5 6. cxd5 exd5 7. Bb5 Bd6 8. dxc5 Bxc5 9. O-O O-O 10. b3 a6 11. Bxc6 bxc6 12. Bb2 Bg4 13. Ne2 Bxf3 14. gxf3 Qd6 15. Kh1 Ba3 16. Bc3 Bb4 17. Bd4 Bc5 18. Rc1 Bxd4 19. Qxd4 Rfc8 20. Rg1 c5 21. Qh4 g6 22. Rcd1 Rab8 23. Nf4 Rb4 24. Qg5 Qc6 25. Nxd5 Nxd5 26. Rxd5 f6 27. Qf5 c4 28. Rd7 Kf8 29. Qh3 cxb3 30. Rxh7 1-0